 Dungeon Crawl Stone Soup version 0.29-a0-234-g0dae59b3db (webtiles) character file.

Game seed: 9944173575062106294

2226 drugrobin the Cleaver (level 8, -3/62 HPs)
             Began as a Demigod Fighter on Mar 3, 2022.
             Killed from afar by a steam dragon (22 damage)
             ... with a ball of steam
             ... on level 6 of the Dungeon.
             The game lasted 00:14:51 (7049 turns).

drugrobin the Cleaver (Demigod Fighter)             Turns: 7049, Time: 00:14:52

Health: -3/62      AC: 16    Str: 36    XL:     8   Next: 90%
Magic:  10/10      EV:  8    Int: 10    God:
Gold:   168        SH:  4    Dex: 13    Spells: 7/7 levels left

rFire   . . .      SeeInvis +   b - +0 mace (drain)
rCold   . . .      Faith    .   c - +0 buckler
rNeg    . . .      Spirit   .   h - +5 chain mail "Plog" {rPois Str+5 SInv}
rPois   +          Reflect  .   x - +1 hat
rElec   .          Harm     .   s - +0 cloak {Stlth+}
rCorr   .          Rampage  .   (no gloves)
Will    .....                   (no boots)
Stlth   ..........              (no amulet)
HPRegen 0.20/turn               B - +6 ring of strength
MPRegen 0.12/turn               (no ring)

@: no status effects
A: high MP 1, forlorn, divine attributes
a: no special abilities


You were on level 6 of the Dungeon.
You visited 1 branch of the dungeon, and saw 7 of its levels.
You also visited: Sewer.

You collected 337 gold pieces.
You spent 169 gold pieces at shops.

Inventory:

Hand Weapons
 a - a +0 war axe
 b - a +0 mace of draining (weapon)
Missiles
 f - 2 boomerangs (quivered)
 y - a curare-tipped dart
 D - 21 poisoned darts
Armour
 c - a +0 buckler (worn)
 h - the +5 chain mail "Plog" (worn) {rPois Str+5 SInv}
   (You found it on level 6 of the Dungeon)

   Str:       It affects your strength (+5).
   rPois:     It protects you from poison.
   SInv:      It lets you see invisible.
 s - a +0 cloak of stealth (worn)
 x - a +1 hat (worn)
Jewellery
 e - a ring of fire
 A - a ring of positive energy
 B - a +6 ring of strength (left hand)
 E - a ring of flight
Wands
 n - a wand of polymorph (15)
 p - a wand of flame (9)
Scrolls
 j - a scroll of magic mapping
 k - a scroll of identify
 l - 2 scrolls of teleportation
 m - 2 scrolls of immolation {unknown}
 o - a scroll of brand weapon {unknown}
 q - 2 scrolls of fog {unknown}
 t - a scroll of torment {unknown}
 w - 2 scrolls of holy word
 z - a scroll of vulnerability
Potions
 d - 5 potions of might
 g - a potion of magic {unknown}
 r - a potion of flight {unknown}
 u - 3 potions of curing
 v - a potion of mutation {unknown}
 C - a potion of cancellation {unknown}


   Skills:
 - Level 2.6 Fighting
 + Level 11.3 Axes
 - Level 2.6 Armour
 - Level 2.6 Shields


You had 7 spell levels left.
You didn't know any spells.
Your spell library contained the following spells:

 Spells                   Type           Power      Damage    Failure   Level
 Fireball                 Conj/Fire      0%         3d3       100%        5
 Starburst                Conj/Fire      0%         6d3       100%        6
 Ignition                 Fire           0%         3d3       100%        8


Dungeon Overview and Level Annotations

Branches:
Dungeon (7/15)              Sewer (visited)
 Temple: D:4-7

Shops:
D:4 !


Innate Abilities, Weirdness & Mutations

You have an increased reservoir of magic. (+10% MP)
You shall have no god before yourself.
Your divine heritage dramatically boosts your attributes as you level up.


Message History

The steam dragon bites you.
* * * LOW HITPOINT WARNING * * *
The steam dragon claws you but does no damage.
Unknown command.
You barely miss the steam dragon.
The steam dragon is heavily wounded.
You block the steam dragon's attack. The steam dragon claws you.
* * * LOW HITPOINT WARNING * * *
You block the gnoll's attack.
The steam dragon bites you but does no damage.
You block the steam dragon's attack.
Unknown command.
You feel much better.
A gnoll sergeant comes into view. It is wielding a +0 spear.
The gnoll hits you with a +0 club. The steam dragon bites you.
The steam dragon barely misses you.
Unknown command.
You closely miss the steam dragon.
The steam dragon is heavily wounded.
The gnoll sergeant hits you but does no damage.
The gnoll hits you but does no damage.
The steam dragon bites you but does no damage.
The steam dragon barely misses you.
The gnoll sergeant hits you from afar with a +0 spear.
* * * LOW HITPOINT WARNING * * *
Unknown command.
There is a stone staircase leading up here.
The steam dragon closely misses you. The steam dragon completely misses you.
The gnoll hits you but does no damage. The gnoll sergeant closely misses you.
You climb upwards.
There is a stone staircase leading down, spattered with blood here.
You closely miss the steam dragon.
The steam dragon is heavily wounded.
The steam dragon barely misses you. You block the steam dragon's attack.
You block the gnoll's attack.
You hit the steam dragon but do no damage.
The steam dragon is heavily wounded.
The steam dragon breathes steam at you. The ball of steam hits you!!
You die...

#####..........#######.....#..
##.......#..............####...
#.....##...##.....#####...#....
#......#...........## ###.#....
#........#.....#.#..# ##......
#..#.....###...#....## #...#...
###...#....# ##..####..###.##....
#..........# ##g)## #......##....
.........#####..@.# ###.#.###....
.........# #..##D####...........
.........# #.#........###...#...
.........####...#.##..## ###.###.
..............###.###..### #.....
.........####.###.# ##...#######.
....#...##.....##.# #.#.)######.
....#...#......#### #......##...
#########...##.#######.####......


You could see a steam dragon (catching breath) and a gnoll.

Vanquished Creatures
  Prince Ribbit (D:5)
  Duvessa (D:6)
  An ice beast (D:6)
  2 sky beasts
  An orc warrior (D:6)
  2 black bears
  A centaur (D:5)
  A phantom (D:4)
  4 kobold brigands (Sewer)
  A necrophage (D:6)
  2 scorpions
  Dowan (D:6)
  5 killer bees
  2 hounds
  An orc priest (D:4)
  2 iguanas (D:5)
  Jessica (D:3)
  An orc wizard (D:5)
  6 river rats
  11 adders
  A white imp (D:6)
  5 worms (Sewer)
  11 orcs
  7 endoplasms
  3 giant cockroaches (D:6)
  4 goblins
  6 hobgoblins
  8 jackals
  2 quokkas
  7 ball pythons
  3 bats
  11 kobolds
  11 rats
126 creatures vanquished.

Vanquished Creatures (collateral kills)
  A scorpion (D:6)
  An orc (D:6)
2 creatures vanquished.

Vanquished Creatures (others)
  3 plants (D:6)
3 creatures vanquished.

Grand Total: 131 creatures vanquished

Notes
Turn   | Place    | Note
-------+----------+-------------------------------------------
     0 | D:1      | drugrobin the Demigod Fighter began the quest for the Orb.
     0 | D:1      | Reached XP level 1. HP: 18/18 MP: 3/3
   224 | D:1      | Reached skill level 2 in Axes
   804 | D:2      | Reached XP level 2. HP: 25/25 MP: 4/4
  1036 | D:2      | Reached skill level 3 in Axes
  1323 | D:3      | Noticed Jessica
  1329 | D:3      | Killed Jessica
  1330 | D:3      | Reached XP level 3. HP: 30/30 MP: 5/5
  1612 | D:2      | Reached skill level 4 in Axes
  1620 | D:2      | Reached XP level 4. HP: 33/37 MP: 6/6
  2137 | D:3      | Found a runed translucent door.
  2150 | D:3      | Noticed Crazy Yiuf
  2163 | D:3      | Noticed Crazy Yiuf
  2163 | D:3      | Crazy Yiuf changed into Crazy Yiuf the quokka
  2165 | D:3      | Killed Crazy Yiuf the quokka
  2328 | D:4      | Found Biuttemea's Distillery.
  2334 | D:4      | Bought a potion of heal wounds for 65 gold pieces
  2334 | D:4      | Bought a potion of lignification for 39 gold pieces
  2334 | D:4      | Bought 2 potions of degeneration for 26 gold pieces
  2334 | D:4      | Bought a potion of curing for 39 gold pieces
  2404 | D:4      | Noticed a phantom
  2417 | D:4      | Killed a phantom
  2418 | D:4      | Reached skill level 5 in Axes
  2418 | D:4      | Reached XP level 5. HP: 17/42 MP: 7/7
  3020 | D:4      | Noticed a black bear
  3041 | D:5      | Entered Level 5 of the Dungeon
  3041 | D:5      | Noticed a centaur
  3042 | D:5      | Noticed Prince Ribbit
  3046 | D:5      | Killed a centaur
  3047 | D:5      | Reached skill level 6 in Axes
  3047 | D:5      | Reached XP level 6. HP: 33/50 MP: 8/8
  3050 | D:5      | HP: 2/50 [Prince Ribbit (10)]
  3082 | D:5      | Killed Prince Ribbit
  3317 | D:4      | Reached skill level 7 in Axes
  3966 | D:4      | Reached XP level 7. HP: 31/56 MP: 9/9
  4391 | D:5      | Reached skill level 8 in Axes
  4936 | D:5      | Reached skill level 9 in Axes
  5065 | D:6      | Noticed Sigmund
  5067 | D:6      | Noticed Sigmund
  5067 | D:6      | Sigmund changed into Sigmund the river rat
  5068 | D:6      | Killed Sigmund the river rat
  5069 | D:6      | Reached XP level 8. HP: 62/62 MP: 10/10
  5095 | D:6      | Identified the +5 chain mail "Plog" {rPois Str+5 SInv}
  5269 | D:6      | Noticed Dowan
  5270 | D:6      | Noticed Duvessa
  5287 | D:6      | Killed Duvessa
  5288 | D:6      | Reached skill level 10 in Axes
  5296 | D:6      | Killed Dowan
  5321 | D:6      | Found a glowing drain.
  5344 | Sewer    | Entered a sewer
  6358 | D:6      | Reached skill level 11 in Axes
  7049 | D:6      | Killed from afar by a steam dragon

Illustrated notes

Levels and vault maps discovered:
D:1:      lightli_arrival_boilingwater, layout_loops_ring
D:2:      layout_loops_ring, chequers_garden, kennysheep_generic_room_14
D:3:      layout_loops_ring, lemuel_round_altar, uniq_jessica,
          uniq_crazy_yiuf_cottage
D:4:      layout_basic, lemuel_round_altar, serial_shops, shop_statue
D:5:      layout_rooms, vehumet_crystals, uniq_prince_ribbit1
D:6:      layout_rooms, mainiacjoe_overflow_chevrons,
          nicolae_overflow_crystal_walls, nicolae_ossuary_entry_ruins,
          portal_sewer_entry_b, serial_corexii_hall, corexii_hall_statues_l,
          chequers_hall_statues_y, chequers_hall_statues_y, uniq_sigmund,
          uniq_duvessa
D:7:      layout_gridville, minmay_temple_entry_tees, serial_shops,
          kennysheep_mini_moat, uniq_pikel

Skill      XL: |  1  2  3  4  5  6  7  8 |
---------------+-------------------------+-----
Axes           | 2 3 4 5 6 7 9 11 | 11.3
Fighting       | |  2.6
Armour         | |  2.6
Shields        | |  2.6

Action                   |  1- 3 |  4- 6 |  7- 9 || total
-------------------------+-------+-------+-------++-------
Melee: War axe           |    87 |    41 |    39 ||   167
       Unarmed           |     3 |     4 |       ||     7
       Mace              |       |    66 |   279 ||   345
Throw: Boomerang         |    12 |    13 |     2 ||    27
Evoke: Wand              |       |     1 |     2 ||     3
  Use: Potion            |       |     2 |     2 ||     4
       Scroll            |       |       |     7 ||     7
 Stab: Confused          |     1 |       |       ||     1
Armor: Scale mail        |    47 |       |       ||    47
       Plate armour      |    20 |    78 |    64 ||   162
       Skin              |       |     3 |       ||     3
       Chain mail        |       |       |   131 ||   131
Dodge: Dodged            |    46 |    20 |   132 ||   198
Block: Buckler           |    23 |    31 |    69 ||   123

Table legend: (Time is in decaauts)
 A = Elapsed time spent in this place.
 B = Non-inter-level travel time spent in this place.
 C = Inter-level travel time spent in this place.
 D = Time resting spent in this place.
 E = Time spent auto-exploring this place.
 F = Levels seen in this place.
 G = Mean time per level.
                   A        B        C        D        E       F      G
               +--------+--------+--------+--------+--------+-----+--------+
         Total |   7371 |   6988 |    383 |   1137 |   3980 |   8 |  921.4 |
       Dungeon |   6215 |   5832 |    383 |   1137 |   3234 |   7 |  887.9 |
         Sewer |   1156 |   1156 |      0 |      0 |    745 |   1 | 1156.0 |
               +--------+--------+--------+--------+--------+-----+--------+

Top non-repeatable levels by time:
     D:4: 1971 daAuts
   Sewer: 1156 daAuts
     D:6: 942 daAuts
     D:2: 900 daAuts
     D:5: 805 daAuts
     D:1: 778 daAuts
     D:3: 710 daAuts
     D:7: 107 daAuts
